 Dungeon Crawl Stone Soup version 0.29-a0-322-g68df515428 (webtiles) character file.

Game seed: 1069312851486069888

373 sammy202020 the Skirmisher (level 6, -21/76 HPs)
             Began as a Demonspawn Berserker on Apr 5, 2022.
             Was a Believer of Trog.
             Killed by an exploding adder (33 damage)
             ... ignited by their inner flame
             ... on level 4 of the Dungeon.
             The game lasted 00:04:29 (3741 turns).

sammy202020 the Skirmisher (Demonspawn Berserker)   Turns: 3741, Time: 00:04:32

Health: -21/76     AC: 17    Str: 17    XL:     6   Next: 43%
Magic:  6/6        EV:  7    Int: 12    God:    Trog [**....]
Gold:   171        SH:  0    Dex: 13    Spells: 5/5 levels left

rFire   . . .      SeeInvis .   a - +0 hand axe
rCold   + . .      Faith    .   (no shield)
rNeg    . . .      Spirit   .   m - +1 chain mail
rPois   .          Reflect  .   t - +0 helmet
rElec   .          Harm     .   (no cloak)
rCorr   .          Rampage  .   (no gloves)
Will    .....      Clarity  +   r - +2 pair of boots
Stlth   ..........              (no amulet)
HPRegen 0.22/turn               (no ring)
MPRegen 0.10/turn               (no ring)

@: berserking, weak-willed, very quick
A: molten scales 2, powered by pain 1, weakness stinger 1, clarity, clever 1,
cold resistance 1
a: Renounce Religion, Berserk, Trog's Hand


You were on level 4 of the Dungeon.
You worshipped Trog.
Trog was pleased with you.
You visited 1 branch of the dungeon, and saw 4 of its levels.

You collected 171 gold pieces.

Inventory:

Hand Weapons
 a - a +0 hand axe (weapon)
 o - a +0 mace
Missiles
 c - 3 poisoned darts (quivered)
 l - 5 boomerangs
Armour
 m - a +1 chain mail (worn)
 r - a +2 pair of boots (worn)
 t - a +0 helmet (worn)
Scrolls
 e - 3 scrolls of enchant armour
 f - 2 scrolls of teleportation
 i - 2 scrolls of identify
 k - 3 scrolls of silence
Potions
 b - a potion of brilliance
 j - a potion of mutation


   Skills:
 * Level 5.2 Fighting
 * Level 4.6 Axes
 + Level 3.1 Armour
 - Level 1.7 Dodging


You had 5 spell levels left.
You didn't know any spells.
Your spell library was empty.

Dungeon Overview and Level Annotations

Branches:
Dungeon (4/15)             Temple (0/1) D:4

Altars:
Dithmenos
Ru


Innate Abilities, Weirdness & Mutations

You are mostly covered in molten scales. (AC +3)
You sometimes gain a little power by taking damage.
You have a small tail.
You possess an exceptional clarity of mind.
Your mind is acute. (Int +2)
Your flesh is cold resistant. (rC+)


Message History

As you read the scroll labelled FIASTR GOADD, it crumbles to dust.
Your body is wracked with pain!
* * * LOW HITPOINT WARNING * * *
It was a scroll of torment.
Your surroundings suddenly seem different.
Found a scroll of teleportation.
As you read the scroll labelled VUL XESOCUGH, it crumbles to dust.
It is a scroll of identify.
k - 3 scrolls of silence
As you read the scroll labelled UVOD YNIRU, it crumbles to dust.
You feel aware of your surroundings.
It was a scroll of magic mapping.
Blink to where?
Press: ? - help, Dir - move target An adder comes into view.
As you read the scroll labelled KIAWYBB LIOGEWN, it crumbles to dust.
It was a scroll of blinking.
The adder hisses angrily.
As you read the scroll labelled ZAWERIR KUSEKI, it crumbles to dust.
The creatures around you are filled with an inner flame!
It was a scroll of immolation.
The adder closely misses you.
As you read the scroll labelled DUSASOIME, it crumbles to dust.
Magic quickly surges around you.
It was a scroll of vulnerability.
You recover from your berserk rage.
The adder closely misses you.
You closely miss the adder. The adder bites you but does no damage.
The adder bites you.
* * * LOW HITPOINT WARNING * * *
You closely miss the adder. The adder bites you but does no damage.
A red film seems to cover your vision as you go berserk!
You feel yourself moving faster!
You feel mighty!
The adder bites you but does no damage. x2
You hit the adder.
Flame seeps out of the adder.
The adder is moderately wounded.
You barely miss the adder.
The adder is moderately wounded.
The adder is engulfed in blazing flames.
Trog accepts your kill.
The adder explodes!
The fiery explosion engulfs you!!
You die...

...))#####.##...,,,,,,,,,,,,,*,,*
.)...#***#......,,,,....,,,,,*>,,
................,,,,....,,,,*,,,*
.....##..........,,.....,,,**,,,,
.......,.........,,.....,,****,,,
.#............<.#,......,,* *,,*
##..............##....?.,** *,,,
##.............§○§##,*,,* **,*
**.............#@§§.#**,** **,*
*,,,,,,,,...##*#...## *** *,,,
,,,,,,,,,.,,,,*...## *,,,
*,,,,,,*,,,,,,....# *,,*
***,,****,,,,.....# **** ****
*,,,.....##* **,.......,*
*###.....** *,,,,,**


There were no monsters in sight!

Vanquished Creatures
  An ogre (D:4)
  An orc priest (D:3)
  A hound (D:4)
  Jessica (D:3)
  Natasha (twice) (D:3)
  Robin (D:3)
  2 adders
  A worm (D:2)
  2 dart slugs
  13 orcs
  4 endoplasms
  5 giant cockroaches
  10 goblins
  10 hobgoblins
  3 jackals (D:2)
  11 kobolds
  2 quokkas
  A ball python (D:1)
  7 bats
  4 frilled lizards
  3 rats
85 creatures vanquished.

Vanquished Creatures (others)
  Natasha (D:3)
1 creature vanquished.

Grand Total: 86 creatures vanquished

Notes
Turn   | Place    | Note
-------+----------+-------------------------------------------
     0 | D:1      | sammy202020 the Demonspawn Berserker began the quest for
                  | the Orb.
     0 | D:1      | Reached XP level 1. HP: 18/18 MP: 1/1
   353 | D:1      | Gained mutation: You are partially covered in molten
                  | scales. (AC +2) [demonic ancestry]
   353 | D:1      | Reached XP level 2. HP: 20/24 MP: 2/2
   799 | D:2      | Reached XP level 3. HP: 24/29 MP: 3/3
  1570 | D:2      | Found a faded altar of an unknown god.
  1752 | D:2      | Reached ** piety under Trog
  2108 | D:3      | Noticed Jessica
  2121 | D:3      | Killed Jessica
  2122 | D:3      | Reached skill level 4 in Fighting
  2122 | D:3      | Gained mutation: You sometimes gain a little power by
                  | taking damage. [demonic ancestry]
  2122 | D:3      | Reached XP level 4. HP: 23/37 MP: 4/4
  2370 | D:3      | Found a shadowy altar of Dithmenos.
  2594 | D:3      | Found a sacrificial altar of Ru.
  2932 | D:3      | Noticed Natasha
  2944 | D:3      | Killed Natasha
  2945 | D:3      | Gained mutation: You are mostly covered in molten scales.
                  | (AC +3) [demonic ancestry]
  2945 | D:3      | Reached XP level 5. HP: 39/43 MP: 5/5
  3110 | D:3      | Noticed Robin
  3129 | D:3      | Killed Robin
  3213 | D:3      | Noticed Natasha
  3238 | D:3      | Killed Natasha
  3384 | D:3      | Noticed Natasha
  3408 | D:3      | Killed Natasha
  3628 | D:3      | Gained mutation: Your mind is acute. (Int +2) [potion of
                  | mutation]
  3628 | D:3      | Gained mutation: You possess an exceptional clarity of
                  | mind. [potion of mutation]
  3628 | D:3      | Gained mutation: Your flesh is cold resistant. (rC+)
                  | [potion of mutation]
  3660 | D:4      | Gained mutation: You have a small tail. [demonic ancestry]
  3660 | D:4      | Reached XP level 6. HP: 46/50 MP: 6/6
  3703 | D:4      | Reached skill level 5 in Fighting
  3741 | D:4      | Killed by an exploding adder... ignited by their inner
                  | flame

Illustrated notes

Levels and vault maps discovered:
D:1:      denvon_arrival_waterhouse, layout_rooms, chequers_arboretum
D:2:      layout_basic, shapermc_ecumenical_altar_mp_highgroup
D:3:      layout_loops_ring, nicolae_ru_awakened_eye,
          nicolae_dithmenos_the_darkroom, corexii_item_surrounded_by_moat,
          lemuel_flame_loot_1, uniq_robin, uniq_natasha, uniq_jessica
D:4:      layout_cave_pools, minmay_temple_entry_crystal_x,
          uniq_crazy_yiuf_cottage, uniq_ijyb

Skill      XL: |  1  2  3  4  5  6 |
---------------+-------------------+-----
Axes           | 3 4 |  4.6
Armour         | 2 3 |  3.1
Fighting       | 4 5 |  5.2
Dodging        | |  1.7

Action                   |  1- 3 |  4- 6 || total
-------------------------+-------+-------++-------
Melee: Hand axe          |   153 |   149 ||   302
       Punch             |     1 |     1 ||     2
       Tailslap          |       |     2 ||     2
Invok: Berserk           |     1 |     5 ||     6
  Use: Potion            |       |     3 ||     3
       Scroll            |       |    10 ||    10
Armor: Animal skin       |    11 |       ||    11
       Ring mail         |    58 |       ||    58
       Chain mail        |    13 |   130 ||   143
Dodge: Dodged            |    84 |    64 ||   148

Table legend: (Time is in decaauts)
 A = Elapsed time spent in this place.
 B = Non-inter-level travel time spent in this place.
 C = Inter-level travel time spent in this place.
 D = Time resting spent in this place.
 E = Time spent auto-exploring this place.
 F = Levels seen in this place.
 G = Mean time per level.
                   A        B        C        D        E       F      G
               +--------+--------+--------+--------+--------+-----+--------+
         Total |   3847 |   3812 |     35 |      1 |   2977 |   4 |  961.8 |
       Dungeon |   3847 |   3812 |     35 |      1 |   2977 |   4 |  961.8 |
               +--------+--------+--------+--------+--------+-----+--------+

Top non-repeatable levels by time:
     D:3: 1623 daAuts
     D:2: 1333 daAuts
     D:1: 797 daAuts
     D:4: 92 daAuts
